 Dungeon Crawl Stone Soup version 0.27-a0-1119-gbf574a6a6b (webtiles) character file.

Game seed: 17696285312332968139

681 Zeld the Shield-Bearer (level 7, 0/46 HPs)
             Began as an Octopode Fighter on May 2, 2021.
             Was a Believer of Okawaru.
             Slain by an adder (1 damage)
             ... on level 4 of the Dungeon.
             The game lasted 00:04:54 (4950 turns).

Zeld the Shield-Bearer (Octopode Fighter)           Turns: 4950, Time: 00:04:54

Health: 0/46       AC:  1    Str: 18    XL:     7   Next: 61%
Magic:  7/7        EV: 11    Int: 10    God:    Okawaru [**....]
Gold:   191        SH:  9    Dex: 11    Spells: 6/6 levels left

rFire    . . .     SeeInvis .   a - +0 war axe
rCold    . . .     Faith    .   b - +0 kite shield
rNeg     . . .     Spirit   .   (helmet restricted)
rPois    +         Reflect  .   (no amulet)
rElec    .         Harm     .   l - ring of poison resistance
rCorr    .         Rampage  .   (no ring)
Will     .....                  (no ring)
Stlth    ++........             (no ring)
HPRegen  0.15/turn              (no ring)
MPRegen  0.10/turn              (no ring)
                                (no ring)
                                (no ring)

@: no status effects
A: almost no armour, amphibious, 8 rings, camouflage 1, gelatinous body 1,
(nimble swimmer 1), tentacles
a: Renounce Religion, Heroism


You were on level 4 of the Dungeon.
You worshipped Okawaru.
Okawaru was pleased with you.
You visited 1 branch of the dungeon, and saw 5 of its levels.

You collected 191 gold pieces.

Inventory:

Hand Weapons
 a - a +0 war axe (weapon)
Missiles
 n - 5 javelins
 r - 32 poisoned darts (quivered)
Armour
 b - a +0 kite shield (worn)
Jewellery
 l - a ring of poison resistance (left tentacle)
Wands
 f - a wand of flame (18)
 j - a wand of charming (11)
Scrolls
 c - a scroll of magic mapping {unknown}
 e - 3 scrolls of identify {unknown}
 g - 2 scrolls of noise {unknown}
 i - a scroll of enchant weapon {unknown}
 m - a scroll of teleportation {unknown}
 p - a scroll of vulnerability {unknown}
Potions
 d - 2 potions of lignification
 h - a potion of invisibility {unknown}
 k - a potion of flight {unknown}
 o - 2 potions of magic {unknown}
 q - a potion of haste {unknown}
 s - a potion of degeneration {unknown}


   Skills:
 - Level 3.5 Fighting
 + Level 4.5 Axes
 * Level 5.0 Throwing
 - Level 3.0 Dodging
 + Level 5.0 Shields


You had 6 spell levels left.
You didn't know any spells.
Your spell library contained the following spells:

 Spells                   Type           Power      Damage    Failure   Level
 Corona                   Hex            0%         N/A       80%         1
 Sting                    Tmut/Pois      0%         1d3       80%         1
 Ensorcelled Hibernation  Hex/Ice        0%         N/A       90%         2
 Poisonous Vapours        Pois/Air       0%         N/A       90%         2
 Confusing Touch          Hex            0%         N/A       99%         3
 Dazzling Flash           Conj/Hex       0%         N/A       99%         3
 Ignite Poison            Fire/Tmut/Pois 0%         N/A       99%         3
 Mephitic Cloud           Conj/Pois/Air  0%         N/A       99%         3
 Tukima's Dance           Hex            0%         N/A       99%         3
 Olgreb's Toxic Radiance  Pois           0%         N/A       100%        4


Dungeon Overview and Level Annotations

Branches:
Dungeon (5/15)
 Temple: D:4-7

Altars:
Dithmenos
Makhleb
Okawaru

Annotations:
D:4 Pikel


Innate Abilities, Weirdness & Mutations

You cannot wear most types of armour.
You are amphibious.
You can wear up to eight rings at the same time.
Your skin changes colour to match your surroundings (Stealth+).
Your rubbery body absorbs attacks. (AC +1, EV +1)
((You are camouflaged near water. (Stealth+)))
You have tentacles for arms and can constrict up to eight enemies at once.


Message History

Found a stone staircase leading down.
Pikel the Slaver comes into view.
He is wielding a +0 whip of electrocution.
Found a trident.
Pikel shouts!
A white imp comes into view.
A lemure comes into view.
The white imp shouts!
You hear a shout!
You hear an angry hiss.
A lemure comes into view.
The lemure shouts! x2
You block Pikel's attack.
An adder comes into view.
The white imp picks up a beetle and eats it.
The white imp summons a swarm of flies.
The white imp gestures at you. The puff of frost misses you.
There is a stone staircase leading up here.
The adder bites you.
You are poisoned.
The adder poisons you! The adder barely misses you. You block Pikel's attack.
You climb upwards.
You feel sick.
There is a stone staircase leading down here.
You feel sick. The adder barely misses you.
Pikel hits you with a +0 whip of electrocution.
* * * LOW HITPOINT WARNING * * *
You feel sick. The adder barely misses you.
Pikel says, "Hell isn't that bad."
You feel sick. You block the adder's attack.
You feel sick.
You are no longer poisoned.
Really quaff the potion of lignification?
Okay, then.
The adder bites you.
* * * LOW HITPOINT WARNING * * *
You barely miss the adder. Your grab misses the adder.
Your squeeze misses the adder. The adder barely misses you.
The adder closely misses you.
You closely miss the adder. Your grab misses the adder. The adder bites you.
* * * LOW HITPOINT WARNING * * *
The adder bites you.
You die...

## #.#.#.#.#......#.#.#
.####.#.#.#.#####..#.#.#
......#.#.#.#...#..#.#.#
.............>#.#..#.#.#
.######............#.#.#
..........#.#K####.#.#.#
#.......###.#.#.<..#.#.#
#.......#
#.#.######.#.###
........#
#.#.KS@....#...#
#.......#
#.############.###
#.......#
#.#..............#
#.......#
#.#.#..#######.#.#
#.......# #.#.#..# #.#.#
#.......###.#.#..# #.#.#
#.............#..# #.#.#
#..^.............#
####.#.#
#.........####...##
#....#.#


You could see Pikel and an adder.

Vanquished Creatures
  Sigmund (D:3)
  An ogre (D:4)
  A water moccasin zombie (D:2)
  2 centaur zombies (D:5)
  3 hounds (D:4)
  A scorpion zombie (D:5)
  A centaur skeleton (D:5)
  An iguana (D:4)
  4 adders
  An adder skeleton (D:4)
  A worm (D:2)
  8 orcs
  3 bats
  9 endoplasms
  7 giant cockroaches
  4 goblins (D:1)
  10 hobgoblins
  9 jackals (D:1)
  4 quokkas
  7 ball pythons
  3 frilled lizards (D:1)
  4 kobolds
  2 rats (D:1)
87 creatures vanquished.

Notes
Turn   | Place    | Note
-------+----------+-------------------------------------------
     0 | D:1      | Zeld the Octopode Fighter began the quest for the Orb.
     0 | D:1      | Reached XP level 1. HP: 16/16 MP: 1/1
    13 | D:1      | Found a faded altar of an unknown god.
    61 | D:2      | Reached XP level 2. HP: 6/21 MP: 2/2
   618 | D:3      | Found an iron altar of Okawaru.
   648 | D:3      | Became a worshipper of Warmaster Okawaru
   749 | D:1      | Reached XP level 3. HP: 24/26 MP: 3/3
  1325 | D:1      | Reached XP level 4. HP: 17/31 MP: 4/4
  1437 | D:1      | Reached skill level 1 in Throwing
  2282 | D:2      | Reached XP level 5. HP: 24/36 MP: 5/5
  2630 | D:2      | Found an iron altar of Okawaru.
  2922 | D:3      | Noticed Sigmund
  2934 | D:3      | Killed Sigmund
  2934 | D:3      | Reached * piety under Okawaru
  2935 | D:3      | Reached XP level 6. HP: 34/42 MP: 6/6
  3181 | D:3      | Found a burning altar of Makhleb.
  3699 | D:4      | Reached XP level 7. HP: 43/46 MP: 7/7
  3776 | D:4      | Reached ** piety under Okawaru
  3870 | D:4      | Found a shadowy altar of Dithmenos.
  4195 | D:4      | Identified the +1 robe "Moifarir" {rF++ Str+4 Dex-5}
  4655 | D:5      | Entered Level 5 of the Dungeon
  4837 | D:5      | Reached skill level 5 in Shields
  4884 | D:5      | Reached skill level 5 in Throwing
  4910 | D:5      | Noticed Pikel
  4950 | D:4      | HP: 1/46 [adder (3)]
  4950 | D:4      | Slain by an adder

Illustrated notes

Levels and vault maps discovered:
D:1:      psy_arrival_terrarium, layout_rooms,
          ebering_ecumenical_altar_sacrificial
D:2:      layout_rooms, basic_altar, minmay_tetromino_o2
D:3:      layout_rooms, lemuel_crystal_altar, okawaru_gym_becter, uniq_sigmund
D:4:      layout_basic, nicolae_dithmenos_the_darkroom, minmay_misc_feat_square
D:5:      layout_cave_pools, portal_sewer_entry_a, kennysheep_small_square,
          uniq_pikel

Skill      XL: |  1  2  3  4  5  6  7 |
---------------+----------------------+-----
Throwing       | 2 3 4 5 |  5.0
Axes           | 3 4 |  4.5
Shields        | 4 5 |  5.0
Fighting       | |  3.5
Dodging        | |  3.0

Action                   |  1- 3 |  4- 6 |  7- 9 || total
-------------------------+-------+-------+-------++-------
Melee: War axe           |    69 |    73 |    44 ||   186
       Constrict         |    18 |    21 |     8 ||    47
       Tentacles         |    12 |    12 |     7 ||    31
Throw: Javelin           |       |     1 |       ||     1
  Use: Potion            |       |     1 |     1 ||     2
 Stab: Sleeping          |     2 |     5 |     2 ||     9
Armor: Skin              |    13 |       |    21 ||    34
Dodge: Dodged            |    47 |    40 |    36 ||   123
Block: Kite shield       |    28 |    40 |    28 ||    96

Table legend: (Time is in decaauts)
 A = Elapsed time spent in this place.
 B = Non-inter-level travel time spent in this place.
 C = Inter-level travel time spent in this place.
 D = Time resting spent in this place.
 E = Time spent auto-exploring this place.
 F = Levels seen in this place.
 G = Mean time per level.
                   A        B        C        D        E       F      G
               +--------+--------+--------+--------+--------+-----+--------+
         Total |   5057 |   4866 |    191 |    391 |   3606 |   5 | 1011.4 |
       Dungeon |   5057 |   4866 |    191 |    391 |   3606 |   5 | 1011.4 |
               +--------+--------+--------+--------+--------+-----+--------+

Top non-repeatable levels by time:
     D:4: 1306 daAuts
     D:1: 1229 daAuts
     D:2: 1171 daAuts
     D:3: 1088 daAuts
     D:5: 261 daAuts
